Frizzbo, neutral female gnomish Wizard ------ ---- |....---d.-- |......f...| --.....hG..| ......----- --..<| .--- Frizzbo the Conjurer Experience level: 4 Strength: 12 Dexterity: 11 Constitution: 11 Intelligence: 14 Wisdom: 19 Charisma: 9 Health: 0(34) Energy: 70(72) Def: 5 Gold: 101 Moves: 1448 Dungeon seed: -K84AibFZ3pcg7Jc Game ID: Frizzbo_1466004881 Your Inventory: Coins $ - 101 gold pieces Weapons f - an uncursed rusty +2 aklys (weapon in hand) h - an uncursed +0 orcish dagger (alternate weapon; not wielded) Armor e - an uncursed +0 cloak of magic resistance (being worn) q - an uncursed +0 orcish helm (being worn) r - an uncursed +0 cloak of displacement y - an uncursed +0 leather armor (being worn) N - an uncursed +0 pair of jumping boots (being worn) Comestibles o - an uncursed egg Scrolls j - 2 uncursed scrolls of identify t - an uncursed scroll of water u - an uncursed scroll of charging Spellbooks b - a blessed spellbook of force bolt c - an uncursed spellbook of slow monster Potions m - a blessed potion of extra healing Tools g - an uncursed tin whistle p - an uncursed lock pick s - an uncursed tallow candle (0:200) Gems n - an uncursed worthless piece of red glass z - an uncursed worthless piece of green glass Spells and supernatural/magical abilities: Name Level Category Fail Memory a - force bolt 1 attack 8% 93% s - slow monster 2 enchantment 8% 93% W - pray for help -- divine ? -- Y - supernatural jump -- ability ? -- Your skills at the end: Miscellaneous Skills wands [Basic] Weapon Skills dagger [Basic] quarterstaff [Basic] crossbow [Basic] Spellcasting Skills attack spells [Basic] enchantment spells [Basic] Final Attributes: You were devoutly aligned. You were magic-protected. You had infravision. You could jump. You are dead. Vanquished creatures: a hobbit a large kobold 2 geckos 4 giant rats a brown mold 2 gnomes a gnome zombie 3 foxes a kobold 4 newts 4 goblins a sewer rat 8 grid bugs 2 bats 4 lichens 39 creatures vanquished. Voluntary challenges: You did not adorn yourself with jewelry or accessories. You used a wielded weapon 41 times, starting on turn 138. You did not use containers. You did not apply a unicorn horn. You were illiterate. You never genocided any monsters. You never polymorphed an object. You never changed form. You used no wishes. You never split a pudding. You never wrote Elbereth's name. You never violated your personal moral code. Dungeon overview: The Dungeons of Doom: levels 1 to 2 Level 1 a long staircase Level 2 an armor shop stairs to The Gnomish Mines The Gnomish Mines: levels 3 to 4 Level 3 stairs to The Dungeons of Doom Level 4 <- You were here History has recorded: On T:1 you entered the Dungeons of Doom to retrieve the Amulet of Yendor! On T:298 you reached level 2 of The Dungeons of Doom. On T:303 you advanced to experience level 2. On T:774 you advanced to experience level 3. On T:1105 you reached level 1 of The Gnomish Mines. On T:1271 you advanced to experience level 4. On T:1412 you reached level 2 of The Gnomish Mines. Score breakdown: Gold: 101 ( 10 points) Experience: 4 levels ( 300 points) Exploration: 4 levels ( 90 points) Discoveries: 3 items ( 150 points) Variety of kills: 15 monsters ( 750 points) Major goal: (nothing yet) ( 0 points) Survival: died (score multiplied by 3) Total score: 3900 Latest messages: The master mind flayer punches you! The master mind flayer's tentacles suck you! Your brain is eaten! You feel stupid! The master mind flayer's tentacles suck you! Your helmet blocks the attack to your head. The master mind flayer's tentacles suck you! Your helmet blocks the attack to your head. The master mind flayer's tentacles suck you! Your helmet blocks the attack to your head. The master mind flayer's tentacles suck you! Your helmet blocks the attack to your head. A wave of psychic energy pours over you! You miss the master mind flayer. The master mind flayer punches you! The master mind flayer's tentacles suck you! Your helmet blocks the attack to your head. The master mind flayer's tentacles suck you! Your helmet blocks the attack to your head. The master mind flayer's tentacles suck you! Your helmet blocks the attack to your head. The master mind flayer's tentacles suck you! Your helmet blocks the attack to your head. The master mind flayer's tentacles suck you! Your helmet blocks the attack to your head. You die... Final status: Goodbye Frizzbo the Wizard, killed by a master mind flayer... You died in The Gnomish Mines on dungeon level 4 with 3900 points, and 101 pieces of gold, after 1448 moves. You were level 4 with a maximum of 34 hit points when you died.